[ AOE2 MATCH · #507247352 ]
UnrankedLithuanians vs Wu
Player's team · LOSS
Rival team · WIN
[ REPLAY ANALYSIS · EXTRACTED FROM THE RECORDED GAME ]
Feudal
8:57
Castle
22:01
Imperial
—
| APM avg | 106.3 |
| APM peak | 164 |
| eAPM avg | 63.3 |
| Villagers / military | 183 / 131 |
Focus
⚔️ 71.8% · 🌾 28.2%
Knight ×66 · Cavalry Archer ×36 · Archer ×12 · Mangonel ×7 · Scout Cavalry ×6 · Monk ×4
Feudal
10:16
Castle
20:03
Imperial
38:37
| APM avg | 116.8 |
| APM peak | 180 |
| eAPM avg | 56.4 |
| Villagers / military | 135 / 130 |
Focus
⚔️ 74.8% · 🌾 25.2%
Militia ×62 · Spearman ×43 · Skirmisher ×13 · Unknown (1974) ×9 · Monk ×8 · Unknown (1968) ×4
Match map
Initial resources + every placement click. Lines = walls · curves = elevation contours. ◆ gold · ⬟ stone · ● berries · ✦ relic · ◌ wall gap
Your base· ✓ Closed at 22:01 · 32t walls · 1 gate(s)
NOC | Mati's base· ✓ Closed at 20:03 · 60t walls · no gate
Smoothed initial terrain · ◌ = detected wall gap · hover for details
Inputs per minute
— XEVER | Rivux - - NOC | Mati
Build order — XEVER | Rivux
First 150 of 506 actions detected
| 0:01 | Create | Villager (Male) |
| 0:01 | Create | Villager (Male) |
| 0:01 | Create | Villager (Male) |
| 0:01 | Create | Villager (Male) |
| 0:02 | Create | Villager (Male) |
| 0:02 | Create | Villager (Male) |
| 0:02 | Create | Villager (Male) |
| 0:02 | Build | House |
| 0:04 | Build | House |
| 1:23 | Create | Villager (Male) |
| 1:24 | Create | Villager (Male) |
| 1:56 | Build | Lumber Camp |
| 1:59 | Create | Villager (Male) |
| 2:00 | Create | Villager (Male) |
| 2:15 | Create | Villager (Male) |
| 2:45 | Create | Villager (Male) |
| 3:13 | Create | Villager (Male) |
| 3:23 | Create | Villager (Male) |
| 3:23 | Create | Villager (Male) |
| 3:54 | Build | House |
| 4:00 | Create | Villager (Male) |
| 4:00 | Create | Villager (Male) |
| 4:01 | Create | Villager (Male) |
| 4:18 | Create | Villager (Male) |
| 4:24 | Build | House |
| 4:45 | Build | Mill |
| 5:57 | Create | Villager (Male) |
| 5:59 | Research | Loom |
| 6:34 | Build | Lumber Camp |
| 6:47 | Research | Feudal Age |
| 6:47 | Research | Feudal Age |
| 7:38 | Build | Palisade Wall |
| 7:43 | Build | Barracks |
| 7:51 | Build | Palisade Wall |
| 7:52 | Build | Palisade Wall |
| 8:11 | Build | Barracks |
| 8:38 | Create | Villager (Male) |
| 8:57 | Age | Feudal Age |
| 8:58 | Research | Town Watch |
| 9:00 | Build | Stable |
| 9:07 | Research | Double-Bit Axe |
| 9:14 | Create | Villager (Male) |
| 9:40 | Create | Scout Cavalry |
| 9:40 | Create | Villager (Male) |
| 9:42 | Research | Horse Collar |
| 9:42 | Research | Horse Collar |
| 9:52 | Build | House |
| 9:55 | Create | Scout Cavalry |
| 9:58 | Create | Villager (Male) |
| 10:02 | Build | Farm |
| 10:18 | Build | Farm |
| 10:40 | Create | Villager (Male) |
| 10:51 | Build | Farm |
| 11:04 | Create | Villager (Male) |
| 11:10 | Build | House |
| 11:18 | Create | Scout Cavalry |
| 11:31 | Create | Villager (Male) |
| 11:31 | Create | Villager (Male) |
| 11:33 | Build | Archery Range |
| 11:42 | Build | House |
| 11:46 | Build | Palisade Wall |
| 11:49 | Build | Palisade Gate |
| 11:52 | Create | Villager (Male) |
| 12:09 | Build | House |
| 12:14 | Create | Villager (Male) |
| 12:16 | Build | Mining Camp |
| 12:21 | Build | Farm |
| 12:29 | Create | Archer |
| 12:41 | Create | Villager (Male) |
| 12:56 | Build | Farm |
| 13:05 | Create | Villager (Male) |
| 13:10 | Create | Archer |
| 13:20 | Create | Villager (Male) |
| 13:23 | Build | Farm |
| 13:39 | Build | Farm |
| 13:44 | Create | Villager (Male) |
| 13:44 | Create | Archer |
| 14:05 | Build | Blacksmith |
| 14:16 | Build | Farm |
| 14:19 | Create | Villager (Male) |
| 14:33 | Build | Farm |
| 14:36 | Build | House |
| 14:41 | Build | Palisade Wall |
| 14:42 | Build | Palisade Wall |
| 14:49 | Create | Villager (Male) |
| 14:49 | Create | Archer |
| 14:53 | Build | Farm |
| 15:09 | Build | Palisade Wall |
| 15:11 | Create | Villager (Male) |
| 15:12 | Create | Archer |
| 15:18 | Build | Palisade Wall |
| 15:21 | Build | Farm |
| 15:24 | Create | Villager (Male) |
| 15:28 | Create | Archer |
| 15:33 | Build | House |
| 15:55 | Build | Palisade Wall |
| 16:03 | Create | Archer |
| 16:07 | Create | Villager (Male) |
| 16:10 | Build | Farm |
| 16:38 | Create | Villager (Male) |
| 16:39 | Research | Fletching |
| 16:45 | Build | Farm |
| 16:47 | Create | Scout Cavalry |
| 16:50 | Build | Farm |
| 16:51 | Create | Villager (Male) |
| 16:52 | Create | Archer |
| 16:55 | Build | House |
| 17:08 | Create | Scout Cavalry |
| 17:11 | Create | Villager (Male) |
| 17:13 | Build | Farm |
| 17:18 | Build | Farm |
| 17:29 | Build | Palisade Wall |
| 17:39 | Create | Villager (Male) |
| 18:00 | Build | Farm |
| 18:04 | Build | Farm |
| 18:05 | Build | Farm |
| 18:05 | Create | Villager (Male) |
| 18:14 | Build | House |
| 18:29 | Build | Market |
| 18:33 | Build | Farm |
| 18:50 | Create | Villager (Male) |
| 19:21 | Build | Farm |
| 19:21 | Research | Castle Age |
| 19:21 | Research | Castle Age |
| 19:21 | Research | Castle Age |
| 19:58 | Create | Scout Cavalry |
| 19:59 | Build | Farm |
| 20:09 | Build | Stable |
| 20:15 | Create | Archer |
| 20:17 | Research | Gold Mining |
| 20:19 | Research | Scale Barding Armor |
| 20:26 | Build | House |
| 20:40 | Build | House |
| 20:42 | Build | House |
| 20:44 | Create | Archer |
| 20:57 | Create | Archer |
| 21:15 | Build | Archery Range |
| 21:34 | Build | House |
| 21:40 | Build | House |
| 21:48 | Create | Archer |
| 22:01 | Age | Castle Age |
| 22:06 | Create | Knight |
| 22:06 | Create | Knight |
| 22:11 | Create | Villager (Male) |
| 22:13 | Research | Crossbowman (upgrade) |
| 22:13 | Research | Bodkin Arrow |
| 22:13 | Research | Bodkin Arrow |
| 22:14 | Research | Bow Saw |
| 22:14 | Research | Bow Saw |
| 22:33 | Build | House |
Build order — NOC | Mati
First 150 of 444 actions detected
| 0:00 | Create | Villager (Male) ×4 |
| 0:02 | Build | House |
| 0:03 | Build | House |
| 1:25 | Create | Villager (Male) |
| 1:25 | Create | Villager (Male) |
| 1:53 | Build | Lumber Camp |
| 1:59 | Create | Villager (Male) |
| 2:21 | Create | Villager (Male) |
| 2:44 | Create | Villager (Male) |
| 3:12 | Create | Villager (Male) |
| 3:34 | Create | Villager (Male) |
| 4:04 | Create | Villager (Male) |
| 4:05 | Create | Villager (Male) |
| 4:07 | Build | House |
| 4:09 | Build | House |
| 4:32 | Create | Villager (Male) |
| 4:55 | Build | Barracks |
| 5:21 | Create | Villager (Male) |
| 5:37 | Build | House |
| 5:42 | Create | Villager (Male) |
| 5:51 | Create | Militia |
| 5:52 | Create | Militia |
| 5:54 | Create | Militia |
| 5:55 | Create | Villager (Male) |
| 6:02 | Build | Palisade Wall |
| 6:29 | Create | Villager (Male) |
| 6:29 | Create | Villager (Male) |
| 6:36 | Build | House |
| 7:18 | Research | Loom |
| 8:06 | Research | Feudal Age |
| 8:08 | Build | Mill |
| 8:26 | Build | House |
| 8:27 | Build | House |
| 8:52 | Create | Villager (Male) |
| 9:10 | Build | Palisade Wall |
| 9:43 | Build | Palisade Wall |
| 9:52 | Build | Palisade Wall |
| 10:06 | Build | Farm |
| 10:08 | Build | Farm |
| 10:16 | Age | Feudal Age |
| 10:18 | Research | Man-at-Arms (upgrade) |
| 10:26 | Create | Spearman |
| 10:42 | Create | Militia |
| 10:43 | Create | Villager (Male) |
| 10:47 | Build | Farm |
| 10:48 | Build | Farm |
| 11:05 | Create | Villager (Male) |
| 11:07 | Create | Villager (Male) |
| 11:10 | Build | Farm |
| 11:10 | Build | Farm |
| 11:15 | Build | Farm |
| 11:15 | Create | Villager (Male) |
| 11:17 | Build | Palisade Wall |
| 11:43 | Create | Villager (Male) |
| 11:55 | Build | Mining Camp |
| 11:59 | Build | Palisade Wall |
| 12:04 | Build | Palisade Wall |
| 12:24 | Create | Spearman |
| 12:31 | Create | Villager (Male) |
| 12:43 | Create | Villager (Male) |
| 12:45 | Build | Palisade Wall |
| 13:12 | Build | Archery Range |
| 13:18 | Create | Villager (Male) |
| 13:20 | Build | Palisade Wall |
| 13:21 | Build | House |
| 13:23 | Create | Villager (Male) |
| 13:45 | Build | Farm |
| 13:50 | Build | Farm |
| 13:56 | Create | Villager (Male) |
| 14:05 | Create | Skirmisher |
| 14:23 | Create | Skirmisher |
| 14:25 | Build | Farm |
| 14:26 | Create | Villager (Male) |
| 14:33 | Create | Villager (Male) |
| 14:35 | Build | Farm |
| 14:44 | Build | House |
| 14:54 | Create | Skirmisher |
| 14:55 | Create | Skirmisher |
| 15:10 | Build | House |
| 15:14 | Create | Skirmisher |
| 15:22 | Build | House |
| 15:34 | Create | Villager (Male) |
| 15:37 | Build | Farm |
| 15:49 | Create | Villager (Male) |
| 15:58 | Build | Farm |
| 16:26 | Create | Villager (Male) |
| 16:31 | Build | Blacksmith |
| 16:52 | Create | Villager (Male) |
| 17:07 | Build | Farm |
| 17:11 | Research | Castle Age |
| 17:11 | Research | Castle Age |
| 17:20 | Create | Militia |
| 17:28 | Research | Horse Collar |
| 17:32 | Build | House |
| 17:32 | Build | House |
| 17:39 | Create | Militia |
| 17:44 | Build | Lumber Camp |
| 17:59 | Research | Double-Bit Axe |
| 18:00 | Research | Double-Bit Axe |
| 18:08 | Build | House |
| 18:12 | Create | Militia |
| 18:19 | Build | Farm |
| 18:25 | Research | Scale Mail Armor |
| 19:02 | Create | Skirmisher |
| 19:08 | Create | Skirmisher |
| 19:09 | Research | Fletching |
| 19:16 | Build | Farm |
| 19:17 | Build | Farm |
| 19:19 | Create | Skirmisher |
| 19:23 | Create | Militia |
| 19:39 | Create | Skirmisher |
| 19:59 | Create | Villager (Male) |
| 20:03 | Age | Castle Age |
| 20:05 | Research | Long Swordsman (upgrade) |
| 20:27 | Build | Palisade Gate |
| 20:43 | Create | Militia |
| 20:43 | Create | Villager (Male) |
| 20:49 | Create | Skirmisher |
| 20:53 | Create | Militia |
| 21:00 | Create | Villager (Male) |
| 21:02 | Build | Farm |
| 21:03 | Build | Farm |
| 21:03 | Build | Farm |
| 21:07 | Build | Farm |
| 21:08 | Build | Farm |
| 21:13 | Build | Monastery |
| 21:18 | Create | Militia |
| 21:18 | Create | Villager (Male) |
| 21:29 | Create | Villager (Male) |
| 21:39 | Create | Militia |
| 21:46 | Build | Farm |
| 21:47 | Build | Farm |
| 22:09 | Build | Barracks |
| 22:12 | Create | Militia |
| 22:19 | Create | Monk |
| 22:20 | Build | House |
| 22:21 | Create | Villager (Male) |
| 22:26 | Create | Villager (Male) |
| 22:33 | Build | Siege Workshop |
| 22:38 | Create | Militia |
| 22:38 | Create | Villager (Male) |
| 22:57 | Create | Militia |
| 22:57 | Create | Villager (Male) |
| 23:00 | Research | Forging |
| 23:08 | Create | Villager (Male) |
| 23:21 | Research | Elite Skirmisher (upgrade) |
| 23:21 | Create | Villager (Male) |
| 23:35 | Research | Chain Mail Armor |
| 23:36 | Create | Villager (Male) |
| 23:41 | Build | House |
Match timeline
| 4:55 | NOC | Mati · first_building Barracks |
| 6:02 | NOC | Mati · wall_segment Palisade Wall x7 |
| 7:38 | XEVER | Rivux · wall_segment Palisade Wall x1 |
| 7:43 | XEVER | Rivux · first_building Barracks |
| 7:51 | XEVER | Rivux · wall_segment Palisade Wall x1 |
| 7:52 | XEVER | Rivux · wall_segment Palisade Wall x1 |
| 8:57 | XEVER | Rivux · age_up feudal |
| 9:00 | XEVER | Rivux · first_building Stable |
| 9:10 | NOC | Mati · wall_segment Palisade Wall x6 |
| 9:43 | NOC | Mati · wall_segment Palisade Wall x10 |
| 9:52 | NOC | Mati · wall_segment Palisade Wall x10 |
| 10:16 | NOC | Mati · age_up feudal |
| 11:17 | NOC | Mati · wall_segment Palisade Wall x7 |
| 11:33 | XEVER | Rivux · first_building Archery Range |
| 11:46 | XEVER | Rivux · wall_segment Palisade Wall x1 |
| 11:59 | NOC | Mati · wall_segment Palisade Wall x6 |
| 12:04 | NOC | Mati · wall_segment Palisade Wall x9 |
| 12:45 | NOC | Mati · wall_segment Palisade Wall x4 |
| 13:12 | NOC | Mati · first_building Archery Range |
| 13:20 | NOC | Mati · wall_segment Palisade Wall x1 |
| 14:41 | XEVER | Rivux · wall_segment Palisade Wall x2 |
| 14:42 | XEVER | Rivux · wall_segment Palisade Wall x2 |
| 15:09 | XEVER | Rivux · wall_segment Palisade Wall x7 |
| 15:18 | XEVER | Rivux · wall_segment Palisade Wall x1 |
| 15:55 | XEVER | Rivux · wall_segment Palisade Wall x15 |
| 17:29 | XEVER | Rivux · wall_segment Palisade Wall x1 |
| 20:03 | NOC | Mati · age_up castle |
| 21:13 | NOC | Mati · first_building Monastery |
| 22:01 | XEVER | Rivux · age_up castle |
| 22:33 | NOC | Mati · first_building Siege Workshop |
| 23:45 | XEVER | Rivux · first_building Siege Workshop |
| 25:02 | XEVER | Rivux · first_building Monastery |
| 25:05 | XEVER | Rivux · wall_segment Palisade Wall x9 |
| 25:13 | XEVER | Rivux · first_market_sell 100 wood |
| 31:49 | XEVER | Rivux · first_market_buy 100 food |
| 34:21 | NOC | Mati · wall_segment Stone Wall x1 |
| 34:22 | NOC | Mati · wall_segment Stone Wall x1 |
| 35:26 | NOC | Mati · wall_segment Stone Wall x4 |
| 36:10 | NOC | Mati · wall_segment Stone Wall x12 |
| 36:45 | NOC | Mati · first_building Castle |
| 38:37 | NOC | Mati · age_up imperial |
| 39:39 | XEVER | Rivux · first_building Castle |
| 41:38 | XEVER | Rivux · resign |
[ AI ANALYSIS · 1 CREDIT ]
What really happened in this match?
Wolo.gg analyzes every decision: build order, eco, micro, common mistakes by bracket. Personalized analysis on WhatsApp or Discord in 30 seconds.
Civ guide
Lithuanians
Perfil
Rivux